 Dungeon Crawl Stone Soup version 0.29.1-2-gbd0b4ee654 (webtiles) character file.

Game seed: 7396376862736325065

1238 Descartes the Sneak (level 8, 0/36 HPs)
             Began as a Spriggan Fire Elementalist on Nov 29, 2022.
             Slain by a gnoll
             ... wielding a +0 flail
             ... led by a gnoll bouda
              (12 damage)
             ... on level 4 of the Dungeon.
             The game lasted 00:11:49 (7566 turns).

Descartes the Sneak (Spriggan Fire Elementalist)    Turns: 7566, Time: 00:11:50

Health: 0/36       AC:  3    Str:  4    XL:     8   Next: 25%
Magic:  14/17      EV: 34    Int: 19    God:
Gold:   152        SH:  0    Dex: 15    Spells: 17/18 levels left

rFire   . . .      SeeInvis +   I - +3 falchion (drain)
rCold   . . .      Faith    .   (no shield)
rNeg    . . .      Spirit   .   a - +0 robe
rPois   +          Reflect  .   (helmet restricted)
rElec   .          Harm     .   f - +0 cloak
rCorr   +          Rampage  .   (gloves unavailable)
Will    +....                   (boots unavailable)
Stlth   +++.......              q - amulet of the acrobat
HPRegen 0.12/turn               n - ring of resist corrosion
MPRegen 0.15/turn               H - +4 ring of slaying

@: acrobatic, very quick
A: very small, no large weapons, unfitting armour, see invisible, speed 3,
mutation resistance 1, poison resistance
a: no special abilities


You were on level 4 of the Dungeon.
You visited 1 branch of the dungeon, and saw 5 of its levels.
You also visited: Sewer and Ossuary.

You collected 152 gold pieces.

Inventory:

Hand Weapons
 g - a +0 dagger
 I - a +3 falchion of draining (weapon)
Missiles
 k - 2 poisoned darts
 v - 2 curare-tipped darts
Armour
 a - a +0 robe (worn)
 f - a +0 cloak (worn)
Jewellery
 n - a ring of resist corrosion (left hand)
 q - an amulet of the acrobat (around neck)
 H - a +4 ring of slaying (right hand)
Wands
 J - a wand of iceblast (7)
Scrolls
 c - a scroll of silence {unknown}
 h - a scroll of noise {unknown}
 j - 3 scrolls of fear
 l - 2 scrolls of magic mapping {unknown}
 m - a scroll of blinking {unknown}
 s - 2 scrolls of poison
 u - 3 scrolls of enchant weapon
 y - 4 scrolls of enchant armour
 z - a scroll of teleportation {unknown}
 B - 2 scrolls of immolation
 E - a scroll of amnesia {unknown}
 F - a scroll of summoning {unknown}
 G - a scroll of brand weapon {unknown}
Potions
 b - a potion of magic
 d - 4 potions of heal wounds
 e - 2 potions of ambrosia {unknown}
 i - 2 potions of degeneration {unknown}
 o - 5 potions of curing
 p - a potion of berserk rage {unknown}
 r - a potion of lignification {unknown}
 t - 3 potions of mutation
 w - a potion of flight {unknown}
 x - a potion of haste {unknown}
 A - a potion of might {unknown}
 C - 2 potions of attraction
 D - a potion of invisibility {unknown}


   Skills:
 + Level 5.9 Dodging
 + Level 6.8 Stealth
 + Level 5.6 Spellcasting
 + Level 3.0 Conjurations
 + Level 4.0 Fire Magic
 + Level 3.8 Poison Magic


You had 17 spell levels left.
You knew the following spells:

 Your Spells              Type           Power      Damage    Failure   Level
a - Foxfire               Conj/Fire      72%        2x1d7     2%          1

Your spell library contained the following spells:

 Spells                   Type           Power      Damage    Failure   Level
 Magic Dart               Conj           64%        1d6       3%          1
 Scorch                   Fire           40%        2d7       3%          2
 Searing Ray              Conj           32%        2d5       4%          2
 Conjure Flame            Conj/Fire      18%        6-21      9%          3
 Freeze                   Ice            20%        1d4       12%         1
 Inner Flame              Hex/Fire       13%        N/A       16%         3
 Blink                    Tloc           10%        N/A       19%         2
 Flame Wave               Conj/Fire      18%        2d7       26%         4
 Frozen Ramparts          Ice            10%        1d2       34%         3
 Lesser Beckoning         Tloc           5%         N/A       34%         3
 Fulminant Prism          Conj/Hex       5%         3d7       52%         4
 Hailstorm                Conj/Ice       11%        3d5       52%         4
 Manifold Assault         Tloc           5%         N/A       97%         5


Dungeon Overview and Level Annotations

Branches:
Dungeon (5/15)              Sewer (visited)         Ossuary (visited)
 Temple: D:4-7

Altars:
Fedhas
Ru
Wu Jian


Innate Abilities, Weirdness & Mutations

You are very small and have problems with some larger weapons.
You are too small for most types of armour.
You have supernaturally acute eyesight. (SInv)
You cover ground extremely quickly. (Speed+++)
You are somewhat resistant to further mutation.
Your system is resistant to poisons. (rPois)


Message History

You feel your attacks grow feeble.
You rip the net and break free!
The gnoll bouda gazes fiercely through you!
You feel as though you will be weak longer.
The gnoll misses you.
A gnoll comes into view. It is wielding a +0 halberd.
The gnoll hits you with a +0 flail!
There is a stone staircase leading up here.
The gnoll closely misses you.
You climb upwards.
There is a stone staircase leading down here.
Casting: Foxfire (safe; 2% risk of failure)
Confirm with . or Enter, or press ? or * to list all spells.
You conjure some foxfire!
The gnoll barely misses you. x2
The foxfire hits the gnoll.
The gnoll is moderately wounded.
The gnoll hits you with a +0 flail. The gnoll completely misses you.
Casting: Foxfire (safe; 2% risk of failure)
Confirm with . or Enter, or press ? or * to list all spells.
You conjure some foxfire!
The gnoll closely misses you. The gnoll hits you with a +0 flail!
The foxfire hits the gnoll but does no damage.
The gnoll is moderately wounded.
The gnoll completely misses you. x2
Casting: Foxfire (safe; 2% risk of failure)
Confirm with . or Enter, or press ? or * to list all spells.
You conjure some foxfire!
The gnoll barely misses you. The gnoll closely misses you.
Your attacks no longer feel as feeble.
The foxfire hits the gnoll.
The gnoll is severely wounded.
The gnoll completely misses you. x2
Casting: Foxfire (safe; 2% risk of failure)
Confirm with . or Enter, or press ? or * to list all spells.
You conjure some foxfire!
The gnoll barely misses you. The gnoll closely misses you.
The foxfire hits the gnoll.
You kill the gnoll!
The gnoll hits you with a +0 flail!
You die...

....................####...###.#.
######)##########+#...)..#).##)..
#.## #......######...... #..####
#......# ###.### #
##....####......# #.... #
####...........# ##### #
######..##### # #≈≈≈##)g# #
#≈_≈#..@# # #...##### #
####.≈.### # #..#...#.# #
#.##.≈.#.############ #
#.##...#.##.....≈≈§)# #
#.##.≈.#.##....≈≈≈#)# #
#.##...#.'..._.≈§..)+ #
#.#≈.≈.≈.##.)..≈≈§#)#


You could see a gnoll (swift).

Vanquished Creatures
  An orc warrior (D:5)
  An ogre (D:5)
  2 kobold brigands (Sewer)
  A necrophage (D:3)
  6 water moccasin zombies (Ossuary)
  A scorpion (D:5)
  A jelly (D:5)
  3 hounds (D:4)
  An iguana (D:4)
  3 mummies
  10 adders
  5 gnolls (D:4)
  3 river rats (Sewer)
  2 white imps (D:5)
  3 adder zombies (Ossuary)
  2 worms
  2 dart slugs
  3 orcs
  10 endoplasms
  5 giant cockroaches
  10 goblins
  8 hobgoblins
  11 kobolds
  5 quokkas
  8 ball pythons
  A bat (D:3)
  2 frilled lizards
  5 gnoll zombies (Ossuary)
  7 hobgoblin zombies (Ossuary)
  2 kobold zombies (Ossuary)
  3 orc zombies (Ossuary)
  10 rats
137 creatures vanquished.

Vanquished Creatures (others)
  740 foxfires
740 creatures vanquished.

Grand Total: 877 creatures vanquished

Notes
Turn   | Place    | Note
-------+----------+-------------------------------------------
     0 | D:1      | Descartes the Spriggan Fire Elementalist began the quest
                  | for the Orb.
     0 | D:1      | Reached XP level 1. HP: 9/9 MP: 5/5
   985 | D:1      | Reached XP level 2. HP: 9/13 MP: 3/6
  1697 | D:2      | Reached skill level 1 in Conjurations
  1898 | D:2      | Reached XP level 3. HP: 16/16 MP: 4/8
  1946 | D:2      | Reached skill level 1 in Poison Magic
  2439 | D:2      | Found a faded altar of an unknown god.
  2843 | D:3      | Found a glowing drain.
  2847 | Sewer    | Entered a sewer
  2908 | Sewer    | Reached skill level 4 in Stealth
  2908 | Sewer    | Reached XP level 4. HP: 21/21 MP: 6/10
  3089 | Sewer    | Noticed a kobold brigand
  3100 | Sewer    | Killed a kobold brigand
  3101 | Sewer    | Reached XP level 5. HP: 24/24 MP: 6/11
  3539 | Sewer    | Reached XP level 6. HP: 28/28 MP: 4/13
  3746 | D:3      | Found a blossoming altar of Fedhas.
  3825 | D:3      | Reached skill level 5 in Stealth
  4488 | D:4      | Found a sand-covered staircase.
  4502 | Ossuary  | Entered an ossuary
  4840 | Ossuary  | Reached XP level 7. HP: 32/32 MP: 7/15
  5181 | Ossuary  | Reached skill level 5 in Dodging
  5287 | Ossuary  | Reached skill level 5 in Spellcasting
  5488 | Ossuary  | Reached skill level 6 in Stealth
  5896 | D:4      | Found an ornate altar of the Wu Jian Council.
  5929 | D:4      | Found a sacrificial altar of Ru.
  7032 | D:4      | Gained mutation: You are somewhat resistant to further
                  | mutation. [potion of mutation]
  7032 | D:4      | Gained mutation: Your system is resistant to poisons.
                  | (rPois) [potion of mutation]
  7097 | D:5      | Entered Level 5 of the Dungeon
  7186 | D:5      | Reached XP level 8. HP: 36/36 MP: 10/17
  7566 | D:4      | Slain by a gnoll

Illustrated notes

Levels and vault maps discovered:
D:1:      psy_arrival_basics, layout_basic, amcnicky_mini_pool_small,
          patterned_corridor
D:2:      layout_basic, chequers_ecumenical_altar_island
D:3:      layout_basic, mainiacjoe_overflow_concentric_impassable,
          gup_sewer_entry_bowl
D:4:      layout_basic, nicolae_ru_path_of_blood, nicolae_wu_jian_glorious_leap,
          gup_ossuary_entry_pyramid, nrook_campfire, hex_intersection,
          minmay_starry_boxes
D:5:      layout_basic, kennysheep_okawaru_gauntlet, due_unseen_surprise

Skill      XL: |  1  2  3  4  5  6  7  8 |
---------------+-------------------------+-----
Spellcasting   | 3 4 5 |  5.6
Dodging        | 3 4 5 |  5.9
Conjurations   | 1 2 3 |  3.0
Poison Magic   | 1 2 3 |  3.8
Stealth        | 4 5 6 |  6.8
Fire Magic     | 3 4 |  4.0

Action                   |  1- 3 |  4- 6 |  7- 9 || total
-------------------------+-------+-------+-------++-------
Melee: Dagger            |     2 |       |     2 ||     4
 Cast: Foxfire           |    98 |   131 |   205 ||   434
  Use: Scroll            |       |       |     9 ||     9
       Potion            |       |       |     1 ||     1
Armor: Robe              |     1 |     2 |     7 ||    10
Dodge: Dodged            |     7 |    24 |    44 ||    75
